 Dungeon Crawl Stone Soup version 0.19.1 (webtiles) character file.

71 Patate the Sneak (level 4, -6/21 HPs)
             Began as a Spriggan Enchanter on Dec 1, 2016.
             Mangled by an ogre
             ... wielding a +0 giant club
              (18 damage)
             ... on level 4 of the Dungeon.
             The game lasted 00:06:17 (2468 turns).

Patate the Sneak (Spriggan Enchanter)               Turns: 2468, Time: 00:06:17

Health: -6/21      AC:  7    Str:  5    XL:     4   Next: 5%
Magic:  7/9        EV: 19    Int: 16    God:
Gold:   99         SH:  0    Dex: 16    Spells: 2 memorised, 5 levels left

rFire  . . .     SeeInvis +     a - +1 dagger
rCold  . . .     Gourm    .     b - +2 robe
rNeg   . . .     Faith    .     (shield restricted)
rPois  .         Spirit   .     (helmet restricted)
rElec  .         Reflect  .     (no cloak)
rCorr  .         Harm     .     (gloves unavailable)
MR     .....                    (boots unavailable)
Stlth  ++++......               (no amulet)
                                (no ring)
                                g - +3 ring of protection

@: very quick
A: unfitting armour, see invisible, herbivore 3, speed 3, slow metabolism 2
a: no special abilities


You were on level 4 of the Dungeon.
You were not hungry.

You visited 1 branch of the dungeon, and saw 4 of its levels.

You collected 99 gold pieces.

Inventory:

Hand Weapons
 a - a +1 dagger (weapon)
Armour
 b - a +2 robe (worn)
Jewellery
 g - a +3 ring of protection (left hand)
Scrolls
 e - a scroll of remove curse
 f - 2 scrolls of fear
 i - 2 scrolls of enchant armour
 j - a scroll of magic mapping {unknown}
 k - a scroll of blinking {unknown}
 l - a scroll of random uselessness {unknown}
 m - a scroll of amnesia
Potions
 h - 2 potions of haste {unknown}
Books
 c - a book of Maledictions

   Spells                             Type                      Level
   a - Corona                         Hexes                        1
   b - Ensorcelled Hibernation        Hexes/Ice                    2
   c - Confuse                        Hexes                        3
   d - Tukima's Dance                 Hexes                        3
   e - Dazzling Spray                 Conjuration/Hexes            3
Comestibles
 d - 6 bread rations


   Skills:
 - Level 1.1 Short Blades
 + Level 4.0 Dodging
 * Level 7.0 Stealth
 - Level 2.6 Spellcasting
 - Level 3.6 Hexes


You had 5 spell levels left.
You knew the following spells:

 Your Spells              Type           Power        Failure   Level  Hunger
a - Corona                Hex            ##.....      6%          1    #......
b - Ensorcelled Hibernat  Hex/Ice        #.....       17%         2    ##.....


Dungeon Overview and Level Annotations

Branches:
Dungeon (4/15)
 Temple: D:4-7

Altars:
Fedhas

Annotations:
D:3 Ijyb
D:4 Aksej's ghost, amateur DsGl


Innate Abilities, Weirdness & Mutations

You are very small and have problems with some larger weapons.
You are too small for most types of armour.
You have supernaturally acute eyesight. (SInv)
You are a herbivore.
You cover ground extremely quickly.
You need consume almost no food.


Message History

Press: ? - help, Shift-Dir - straight line, f - ogre
Aim: an ogre, wielding a giant club (chance to defeat MR: 38%)
The ogre looks drowsy...
Unknown command.
The helpless ogre fails to defend itself.
You impale the ogre!!
The ogre is almost dead.
The ogre hits you with a giant club!
Casting: Ensorcelled Hibernation
Confirm with . or Enter, or press ? or * to list all spells.
Aiming: Ensorcelled Hibernation
Press: ? - help, Shift-Dir - straight line, f - you, p - ogre That would be overly suicidal.
Okay, then.
Unknown command.
You hit the ogre.
The ogre is almost dead.
The ogre hits you with a giant club!!
Ouch! That really hurt!
You die...

###### ...... #...
.....# #..# .....# ...
.....# ..# .....####
#.# . ...<....# #.#
##...
#######.#####.####....#
#.........@O....#
###.....?.....#...
######.............#
#....................
..###..†..........##..
#...#.......<.#?.. .
....###.........#####
...# ###....#.## ..#
..#..#.#


You could see an ogre.

Vanquished Creatures
  An iguana (D:4)
  2 dart slugs
  2 leopard geckos (D:3)
  A ball python (D:3)
  4 giant cockroaches
  3 goblins
  4 hobgoblins
  A quokka (D:2)
  7 bats
  5 frilled lizards
  7 kobolds
  3 rats
40 creatures vanquished.

Notes
Turn   | Place    | Note
-------+----------+-------------------------------------------
     0 | D:1      | Patate the Spriggan Enchanter began the quest for the Orb.
     0 | D:1      | Reached XP level 1. HP: 9/9 MP: 5/5
   159 | D:1      | Reached skill level 5 in Stealth
   208 | D:1      | Reached XP level 2. HP: 12/13 MP: 6/6
   892 | D:1      | Learned a level 2 spell: Ensorcelled Hibernation
   934 | D:2      | Found a blossoming altar of Fedhas.
  1527 | D:2      | Reached skill level 6 in Stealth
  1659 | D:3      | Reached XP level 3. HP: 15/16 MP: 5/8
  2180 | D:3      | Noticed Ijyb
  2456 | D:4      | Noticed Aksej's ghost (amateur DsGl)
  2456 | D:4      | Reached skill level 7 in Stealth
  2456 | D:4      | Reached XP level 4. HP: 21/21 MP: 9/9
  2458 | D:4      | Noticed an ogre
  2468 | D:4      | Mangled by an ogre

Skill      XL: |  1  2  3 |
---------------+----------+-----
Stealth        | 5 6 7 |  7.0
Dodging        | 4 |  4.0
Short Blades   | |  1.1
Spellcasting   | |  2.6
Hexes          | |  3.6

Action                   |  1- 3 |  4- 6 || total
-------------------------+-------+-------++-------
Melee: Dagger            |   165 |     2 ||   167
 Cast: Ensorcelled Hiber |     6 |     1 ||     7
       Corona            |     1 |       ||     1
  Use: Scroll            |     7 |       ||     7
 Stab: Sleeping          |    15 |     1 ||    16
       Distracted        |     1 |       ||     1
Armor: Robe              |    30 |       ||    30
Dodge: Dodged            |   131 |       ||   131
